 Dungeon Crawl Stone Soup version 0.31.0-32-g396128a36d (webtiles) character file.

Game seed: 6318001497493385911

218 Killerpretzel the Changeling (level 5, -3/35 HPs)
             Began as an Octopode Shapeshifter on Apr 10, 2024.
             Slain by a scorpion (6 damage)
             ... on level 4 of the Dungeon.
             The game lasted 00:05:57 (2439 turns).

Killerpretzel the Changeling (OpSh)                 Turns: 2439, Time: 00:05:58

Health: -3/35      AC:  1    Str: 13    XL:     5   Next: 95%
Magic:  5/5        EV: 14    Int: 12    God:
Gold:   808        SH:  0    Dex: 14    Spells: 2/4 levels left

rFire   . .          .
                       - Unarmed
rCold   . . .        (no shield)
rNeg    . . .        (helmet currently unavailable)
rPois   .            (no amulet)
rElec   .            (no ring)
rCorr   .            (no ring)
SInv    .            (no ring)
Will    .....        (no ring)
Stlth   ++           (no ring)
HPRegen 0.25/turn    (no ring)
MPRegen 0.09/turn    (no ring)
                     (no ring)

%: no passive effects
@: lethally poisoned (-3 -> -21), beast-form
A: beast (slay +2), almost no armour, amphibious, 8 rings, camouflage 1,
gelatinous body 1, (nimble swimmer 1), tentacles
a: Begin Untransformation


You were on level 4 of the Dungeon.
You were a hulking beast.
You visited 1 branch of the dungeon, and saw 4 of its levels.

You collected 1024 gold pieces.
You spent 216 gold pieces at shops.

Inventory:

Missiles
 e - 3 boomerangs
 i - 12 stones
Magical Staves
 k - the staff "Isinu" {rF+ SInv Fire}
   (You found it on level 2 of the Dungeon)

   [staff of fire]

   Base accuracy: +5 Base damage: 5 Base attack delay: 1.2 This weapon's minimum
   attack delay (0.6) is reached at skill level 12.
   rF+:       It protects you from fire.
   SInv:      It lets you see invisible.
   Fire:      It increases the power of your Fire spells.
   It falls into the 'Staves' category.
   It is a one-tentacled weapon.
Jewellery
 j - a ring of ice
Talismans
 b - a beast talisman
 c - a flux talisman
Wands
 g - a wand of iceblast (6)
Scrolls
 m - a scroll of enchant weapon {unknown}
Potions
 a - 2 potions of lignification
 d - 2 potions of invisibility {unknown}
 f - a potion of mutation {unknown}
 h - a potion of might {unknown}
 l - 2 potions of curing {unknown}
 n - a potion of enlightenment {unknown}
 o - a potion of brilliance {unknown}


   Skills:
 + Level 2.4 Fighting
 + Level 3.0 Dodging
 + Level 3.7 Unarmed Combat
 + Level 1.5 Translocations
 * Level 4.3 Shapeshifting


You had 2 spell levels left.
You knew the following spells:

 Your Spells              Type           Power      Damage    Failure   Level
a - Blink                 Tloc           6%         N/A       26%         2

Your spell library contained the following spells:

 Spells                   Type           Power      Damage    Failure   Level
 Lesser Beckoning         Tloc           6%         N/A       26%         2
 Freeze                   Ice            0%         1d3       32%         1
 Kiss of Death            Conj/Necr      0%         2d5       32%         1
 Momentum Strike          Conj/Tloc      2%         3d8       36%         2
 Confusing Touch          Hex            0%         N/A       69%         3
 Frozen Ramparts          Ice            0%         1d1       69%         3
 Hailstorm                Conj/Ice       0%         3d5       69%         3
 Dispel Undead            Necr           0%         3d6       97%         4


Dungeon Overview and Level Annotations

Branches:
Dungeon (4/15)
 Temple: D:4-7

Altars:
Kikubaaqudgha
Xom

Shops:
D:1 !(*:

Annotations:
D:4 exclusion: door, Eustachio


Innate Abilities, Weirdness & Mutations

You are a hulking beast.
Your limbs bulge with bestial killing power. (Slay +2)
You cannot wear most types of armour.
You are amphibious.
You can wear up to eight rings at the same time.
Your skin changes colour to match your surroundings (Stealth+).
Your rubbery body absorbs attacks. (AC +1, EV +1)
((You are camouflaged when in or above water. (Stealth+)))
You have tentacles for arms and can constrict up to eight enemies at once.


Message History

No target in view!
You now have 808 gold pieces (gained 17).
A scorpion comes into view.
A scorpion is nearby!
The scorpion misses you.
You completely miss the scorpion. You grab the scorpion.
You constrict the scorpion, but do no damage.
The scorpion stings you!
You are poisoned.
The scorpion poisons you!
You barely miss the scorpion. You constrict the scorpion.
You feel very sick. The scorpion stings you.
You are more poisoned.
The scorpion poisons you! The scorpion completely misses you.
A scorpion is nearby!
You are too injured to fight recklessly!
You are too injured to fight recklessly!
You are too injured to fight recklessly!
A scorpion is nearby!
You tentacle-slap the scorpion but do no damage.
The scorpion is lightly wounded.
You constrict the scorpion.
You feel very sick. The scorpion closely misses you.
You tentacle-slap the scorpion.
The scorpion is moderately wounded.
You constrict the scorpion.
You feel very sick. The scorpion stings you!
* * * LOW HITPOINT WARNING * * *
You are more poisoned.
The scorpion poisons you!
You tentacle-slap the scorpion but do no damage.
The scorpion is moderately wounded.
You constrict the scorpion.
* * * LOW HITPOINT WARNING * * *
You feel very sick. The scorpion stings you.
You die...

#.# ##..# ###....##
........## #.......##
#........### #.
#......##
####..##......##
......sh.......##
.........##.....####
.........###.....#.##
.........# ##.......#
.......<.#
##......###
.........#
###......##
#......./# ##......#
#......... ##......
##.....


You could see a scorpion.

Vanquished Creatures
  A scorpion (D:4)
  A bombardier beetle (D:3)
  Natasha (twice) (D:2)
  2 adders
  2 orcs (D:4)
  6 ball pythons
  4 endoplasms
  3 giant cockroaches
  6 goblins
  5 hobgoblins
  8 quokkas
  2 bats
  2 frilled lizards (D:1)
  7 kobolds
  3 rats
54 creatures vanquished.

Notes
Turn   | Place    | Note
-------+----------+-------------------------------------------
     0 | D:1      | Killerpretzel the Octopode Shapeshifter began the quest for
                  | the Orb.
     0 | D:1      | Reached XP level 1. HP: 13/13 MP: 1/1
   132 | D:1      | Found Dofaxt's Book Emporium.
   356 | D:1      | Found Gupeyne's Assorted Antiques.
   360 | D:1      | Reached XP level 2. HP: 18/18 MP: 2/2
   504 | D:1      | Found Saupnuh's Distillery.
   636 | D:1      | Found Quthreots's Antique Weapon Boutique.
   823 | D:1      | Reached XP level 3. HP: 18/23 MP: 3/3
   866 | D:1      | Identified a scroll of acquirement
   866 | D:1      | Acquired 803 gold pieces
   918 | D:1      | Bought a book of Spatial Translocations for 216 gold pieces
   921 | D:1      | Learned a level 2 spell: Blink
   989 | D:2      | Noticed Natasha
   998 | D:2      | Killed Natasha
  1075 | D:2      | Noticed Natasha
  1087 | D:2      | Reached XP level 4. HP: 15/29 MP: 4/4
  1089 | D:2      | Killed Natasha
  1090 | D:2      | Reached skill level 1 in Translocations
  1182 | D:2      | Found a shimmering altar of Xom.
  1231 | D:2      | Identified the staff "Isinu" {rF+ SInv Fire}
  1338 | D:2      | Found a faded altar of an unknown god.
  1832 | D:3      | Reached skill level 4 in Shapeshifting
  1832 | D:3      | Reached XP level 5. HP: 10/34 MP: 5/5
  2242 | D:4      | Found an ancient bone altar of Kikubaaqudgha.
  2388 | D:4      | Noticed Eustachio
  2399 | D:4      | Noticed a centaur
  2439 | D:4      | Slain by a scorpion

Illustrated notes

Levels and vault maps discovered:
D:1:      elethiomel_arrival_shortcut, layout_basic, serial_shops,
          nicolae_shop_overgrown_old_shop, nicolae_shop_tiny_waterfront,
          nicolae_shop_stone, nicolae_shop_tiny_statue_garden,
          minmay_splitting_lines
D:2:      layout_basic, basic_altar, chequers_ecumenical_altar_twisty,
          hangedman_decor_peaks_small, uniq_natasha
D:3:      layout_basic, serial_rivers, chequers_serial_rivers_room_b,
          chequers_serial_rivers_micro_b, chequers_serial_rivers_small_3,
          chequers_serial_rivers_micro_c, chequers_serial_rivers_micro_c
D:4:      minmay_clustersquares, layout_cave_pods, jmf_multi_god_temple,
          mainiacjoe_overflow_brackets, general_overflow_altar,
          minmay_temple_entry_butterflies, uniq_duvessa, uniq_menkaure,
          uniq_eustachio

Skill      XL: |  1  2  3  4  5 |
---------------+----------------+-----
Translocations | 1 |  1.5
Fighting       | 2 |  2.4
Shapeshifting  | 4 |  4.3
Dodging        | 3 |  3.0
Unarmed Combat | |  3.7

Action                     |  1- 3 |  4- 6 || total
---------------------------+-------+-------++-------
  Melee: Unarmed           |    41 |    45 ||    86
         Constrict         |    12 |    12 ||    24
         Tentacles         |     9 |     8 ||    17
         Punch             |     2 |     2 ||     4
  Throw: Stone             |    12 |       ||    12
         Dart              |     3 |     7 ||    10
         Boomerang         |       |     1 ||     1
    Use: Scroll            |     2 |     2 ||     4
   Stab: Sleeping          |     3 |     4 ||     7
 Armour: Skin              |    15 |    18 ||    33
  Dodge: Dodged            |    15 |    25 ||    40
